 Dungeon Crawl Stone Soup version 0.27-a0-32-g443bf2d2ca (webtiles) character file.

Game seed: 17111237833816429928

2 Descartes the Sneak (level 1, -1/10 HPs)
             Began as a Felid Delver on Jan 4, 2021.
             Killed from afar by an orc wizard (6 damage)
             ... with a magic dart
             ... on level 5 of the Dungeon.
             The game lasted 00:00:47 (78 turns).

Descartes the Sneak (Felid Delver)                    Turns: 78, Time: 00:00:47

Health: -1/10      AC:  1    Str:  8    XL:     1   Next: 25%
Magic:  2/2        EV: 18    Int: 14    God:
Gold:   29         SH:  0    Dex: 17    Spells: 0/0 levels left
                                        Lives:  0   Deaths: 0

rFire    + . .     SeeInvis +     - Unarmed
rCold    x . .     Faith    .   (shield unavailable)
rNeg     . . .     Spirit   .   (armour unavailable)
rPois    .         Reflect  .   (helmet unavailable)
rElec    +         Harm     .   (cloak unavailable)
rCorr    .         Rampage  .   (gloves unavailable)
Will     .....                  (boots unavailable)
Stlth    ++++......             (no amulet)
HPRegen  0.03/turn              f - ring "Gir Jouq" {rElec rF+ rC- Int+3}
MPRegen  0.08/turn              (no ring)

@: quick
A: very small, no armour, no weapons or thrown items, stealth, claws 1, fangs 3,
see invisible, speed 1, shaggy fur 1, sharp paws
a: no special abilities


You were on level 5 of the Dungeon.
You visited 1 branch of the dungeon, and saw 1 of its levels.

You collected 29 gold pieces.

Inventory:

Jewellery
 f - the ring "Gir Jouq" (left paw) {rElec rF+ rC- Int+3}
   (You found it on level 5 of the Dungeon)

   [ring of protection from fire]

   It affects your intelligence (+3).
   It protects you from fire.
   It makes you vulnerable to cold.
   It insulates you from electricity.
Wands
 e - a wand of digging (3)
Scrolls
 a - a scroll of fog
 b - a scroll of magic mapping
 c - a scroll of fear
 g - a scroll of random uselessness {unknown}
 h - a scroll of enchant weapon {unknown}
Potions
 d - a potion of haste
 i - a potion of curing {unknown}
 j - a potion of attraction {unknown}


   Skills:
 - Level 3.0 Fighting
 + Level 2.7 Dodging
 * Level 6.6 Stealth
 + Level 2.0 Unarmed Combat


You couldn't memorise any spells.
You didn't know any spells.
Your spell library was empty.

Dungeon Overview and Level Annotations

Branches:
Dungeon (5/15)
 Temple: D:4-7

Altars:


Innate Abilities, Weirdness & Mutations

You cannot wear armour.
You are incapable of wielding weapons or throwing items.
Your paws allow you to move quietly. (Stealth)
You have sharp claws.
You have razor-sharp teeth.
You have supernaturally acute eyesight. (SInv)
You cover ground quickly.
You are covered in fur. (AC +1)
Your sharp claws are effective at attacking unaware monsters.


Message History

You closely miss the orc. The orc completely misses you.
An orc comes into view. It is wielding a +0 short sword.
The orc wizard shouts!
The orc shouts!
You scratch the orc but do no damage. The orc barely misses you.
You scratch the orc.
The orc is severely wounded.
You closely miss the orc.
The orc is severely wounded.
The orc hits you with a +0 club.
You scratch the orc.
The orc is almost dead.
The orc barely misses you.
You scratch the orc.
You kill the orc!
The orc wizard casts a spell at you. The magic dart hits you.
The orc wizard gestures at you while chanting.
The magic dart hits you.
Ouch! That really hurt!
You die...

### ##.## ##(#.########
######..# #.###.......#
#.......# ### ##.#......#.#
#.#####.#....
#####.###.#.#.###.#####......
......# #.#.#...@..oo........
#####.###.........######.....
##.....#.####### ...
##..##.##.# # #..........
##..##.##..# ##.#.#.# .
#.###..# #..#.#.#


You could see an orc wizard and an orc.

Vanquished Creatures
  An orc (D:5)
1 creature vanquished.

Notes
Turn   | Place    | Note
-------+----------+-------------------------------------------
     0 | D:5      | Descartes the Felid Delver began the quest for the Orb.
     0 | D:5      | Reached XP level 1. HP: 10/10 MP: 2/2
     7 | D:5      | Got a crude silver ring
     8 | D:5      | Identified the ring "Gir Jouq" {rElec rF+ rC- Int+3} (You
                  | found it on level 5 of the Dungeon)
    70 | D:5      | Noticed an orc wizard
    78 | D:5      | Killed from afar by an orc wizard

Illustrated notes

Levels and vault maps discovered:
D:5:      layout_loops_ring, makhleb_heckhound_becter

Action                   || total
-------------------------++-------
Melee: Unarmed           ||     6
Dodge: Dodged            ||     3

Table legend: (Time is in decaauts)
 A = Elapsed time spent in this place.
 B = Non-inter-level travel time spent in this place.
 C = Inter-level travel time spent in this place.
 D = Time resting spent in this place.
 E = Time spent auto-exploring this place.
 F = Levels seen in this place.
 G = Mean time per level.
                   A        B        C        D        E       F      G
               +--------+--------+--------+--------+--------+-----+--------+
         Total |     64 |     64 |      0 |      0 |      6 |   1 |   64.0 |
       Dungeon |     64 |     64 |      0 |      0 |      6 |   1 |   64.0 |
               +--------+--------+--------+--------+--------+-----+--------+

Top non-repeatable levels by time:
     D:5: 64 daAuts
